AoeStats
← Neat

Arabia

505670454Analyzed
2v2 RM · 22d ago on Sep 10, 2026· 71m 18s· 4 players
Game mode
Random Map
Map size
Medium (4 player)
Population
200
Speed
Normal
Resources
Standard
Victory
Conquest
Starting age
Dark Age
Ending age
Imperial Age
RankedLock teamsTeams togetherTeam positionsShared explorationLock speedFull tech treeHidden civsTurbo modeCheats
Victory
Defeat
🇭🇰 Persians · Hong Kong SAR China
1005
+14
🇭🇰 Vietnamese · Hong Kong SAR China
952
+16
🇦🇷 Magyars · Argentina
963
-15
🇦🇷 Portuguese · Argentina
952
-15
Neat
9:01 Loom
10:46 Feudal Age
15:57 Castle Age
34:46 Double-Bit Axe
35:41 Wheelbarrow
34:53 Town Watch
41:22 Gold Mining
41:22 Stone Mining
44:05 Horse Collar
44:37 Bow Saw
45:12 Stone Shaft Mining
45:18 Hand Cart
45:04 Town Patrol
51:37 Imperial Age
51:45 Elite Organ Gun
55:03 Bloodlines
54:14 Light Cavalry
54:54 Husbandry
56:34 Chemistry
56:39 Ballistics
56:25 Siphons
56:13 Cavalier
58:07 Bombard Tower
57:55 Pikeman
TacitMarmot2360
13:12 Feudal Age
11:32 Loom
14:59 Horse Collar
23:53 Castle Age
23:56 Bloodlines
23:53 Scale Barding Armor
25:22 Husbandry
26:32 Chain Barding Armor
26:30 Gold Mining
27:36 Double-Bit Axe
27:52 Heavy Plow
31:37 Gold Shaft Mining
35:26 Imperial Age
38:47 Corvinian Army
40:48 Plate Barding Armor
42:23 Recurve Bow
43:33 Cavalier
61:18 Elite Magyar Huszar
63:16 Wheelbarrow
dickenw
6:38 Loom
9:00 Feudal Age
18:04 Wheelbarrow
19:29 Castle Age
18:21 Double-Bit Axe
18:18 Horse Collar
18:47 Scale Barding Armor
19:44 Gold Mining
21:19 Husbandry
21:34 Forging
23:26 Bloodlines
32:59 Heavy Plow
33:36 Wheelbarrow
32:58 Stone Mining
33:50 Chain Barding Armor
38:37 Imperial Age
36:42 Ballistics
37:15 Hand Cart
37:51 Fletching
38:37 Bow Saw
38:17 Heavy Camel Rider
38:24 Elite Skirmisher
40:46 Plate Barding Armor
40:07 Bodkin Arrow
41:34 Imperial Skirmisher
42:56 Iron Casting
42:21 Padded Archer Armor
43:57 Conscription
51:07 Chemistry
50:55 Light Cavalry
53:19 Kamandaran
53:30 Citadels
53:46 Cavalier
55:22 Savar
58:46 Blast Furnace
58:03 Leather Archer Armor
58:43 Hussar
63:03 Ring Archer Armor
Lizeronx
7:12 Loom
11:17 Feudal Age
21:13 Castle Age
19:30 Double-Bit Axe
19:26 Horse Collar
19:43 Fletching
20:26 Padded Archer Armor
23:20 Crossbowman
29:59 Wheelbarrow
29:22 Bodkin Arrow
32:48 Pikeman
38:30 Heavy Plow
42:59 Imperial Age
42:02 Bow Saw
42:09 Leather Archer Armor
41:57 Scale Mail Armor
42:11 Forging
41:54 Town Watch
44:55 Chemistry
44:56 Arbalester
50:19 Thumb Ring
50:37 Ballistics
50:24 Bracer
50:55 Ring Archer Armor
51:09 Chain Mail Armor
51:57 Two-Man Saw
51:01 Caravan
51:31 Coinage
51:26 Hand Cart
51:18 Elite Fire Lancer
58:07 Sappers
60:53 Paper Money
60:37 Chatras
62:19 Town Patrol
61:47 Elite Battle Elephant
62:28 Husbandry
62:39 Bloodlines
63:03 Plate Mail Armor
63:09 Iron Casting
62:47 Siege Engineers
62:43 Murder Holes
64:09 Onager
69:01 Crop Rotation
Connection lost

Rejoining the realm…

Still unreachable

The connection could not be restored.

Session expired

The server has moved on; the page needs a fresh start.